 Dungeon Crawl Stone Soup version 0.28-a0-265-g048bc9fd10 (webtiles) character file.

Game seed: 12912187690713794217

3109 HilariousDeathArtist the Conjurer (level 9, -3/74 HPs)
             Began as a Demigod Air Elementalist on Aug 27, 2021.
             Slain by an unseen horror (9 damage)
             ... on level 7 of the Dungeon.
             The game lasted 00:14:11 (9491 turns).

HilariousDeathArtist the Conjurer (DgAE)            Turns: 9491, Time: 00:14:12

Health: -3/74      AC:  7    Str:  9    XL:     9   Next: 34%
Magic:  3/18       EV: 12    Int: 29    God:
Gold:   230        SH:  0    Dex: 14    Spells: 7/16 levels left

rFire   . . .      SeeInvis .   w - +2 short sword (drain)
rCold   . . .      Faith    .   (no shield)
rNeg    . . .      Spirit   .   y - +0 steam dragon scales
rPois   .          Reflect  .   f - +0 helmet
rElec   .          Harm     .   (no cloak)
rCorr   .          Rampage  .   k - +0 pair of gloves
Will    .....                   (no boots)
Stlth   ++........              (no amulet)
HPRegen 0.22/turn               (no ring)
MPRegen 0.16/turn               (no ring)

@: no status effects
A: high mp 1, forlorn
a: no special abilities


You were on level 7 of the Dungeon.
You visited 1 branch of the dungeon, and saw 7 of its levels.

You collected 230 gold pieces.

Inventory:

Hand Weapons
 a - a +3 dagger of speed
   (You took it off a goblin on level 3 of the Dungeon)
 g - a +0 hunting sling
   (You found it on level 1 of the Dungeon)
 q - a +2 whip of flaming
   (You took it off Pikel on level 4 of the Dungeon)
 w - a +2 short sword of draining (weapon)
   (You took it off an orc on level 5 of the Dungeon)
Missiles
 b - 47 bolts
 s - 108 stones
 t - 12 boomerangs
 u - 93 arrows
Armour
 f - a +0 helmet (worn)
   (You found it on level 1 of the Dungeon)
 k - a +0 pair of gloves (worn)
   (You found it on level 4 of the Dungeon)
 o - a +0 robe
 y - +0 steam dragon scales (worn)
   (You took it off Maggie on level 6 of the Dungeon)
Wands
 e - a wand of charming (3)
   (You took it off Pikel on level 4 of the Dungeon)
 p - a wand of paralysis (4)
   (You took it off Maggie on level 6 of the Dungeon)
Scrolls
 c - a scroll of fear {unknown}
 m - a scroll of enchant armour
 v - 2 scrolls of teleportation {unknown}
 x - a scroll of fog {unknown}
 K - a scroll of immolation {!r}
Potions
 d - a potion of flight {unknown}
 h - a potion of heal wounds {unknown}
 i - a potion of cancellation {unknown}
 j - 3 potions of curing {unknown}
 l - a potion of attraction {unknown}
 n - a potion of might {unknown}
 r - a potion of haste {unknown}
 z - a potion of degeneration {unknown}
 M - 2 potions of magic


   Skills:
 + Level 5.5 Fighting
 - Level 1.7 Dodging
 - Level 1.7 Stealth
 - Level 4.1 Spellcasting
 + Level 6.8 Conjurations
 + Level 2.8 Fire Magic
 - Level 6.6 Air Magic
 + Level 2.8 Earth Magic


You had 7 spell levels left.
You knew the following spells:

 Your Spells              Type           Power      Damage    Failure   Level
a - Shock                 Conj/Air       100%       1d9       1%          1
c - Bolt of Magma         Conj/Fire/Erth 15%        4d9       34%         5
x - Mephitic Cloud        Conj/Pois/Air  32%        N/A       3%          3

Your spell library contained the following spells:

 Spells                   Type           Power      Damage    Failure   Level
 Static Discharge         Conj/Air       45%        N/A       1%          2
 Swiftness                Air            44%        N/A       1%          3
 Dazzling Flash           Conj/Hex       50%        N/A       4%          3
 Airstrike                Air            22%        N/A       4%          4
 Passwall                 Tmut/Erth      11%        N/A       6%          2
 Beastly Appendage        Tmut           12%        N/A       7%          1
 Ignite Poison            Fire/Tmut/Pois 11%        N/A       14%         3
 Gell's Gravitas          Tloc           3%         N/A       21%         3
 Lesser Beckoning         Tloc           3%         N/A       21%         3
 Teleport Other           Tloc           6%         N/A       21%         3
 Petrify                  Tmut/Erth      14%        N/A       36%         4
 Silence                  Hex/Air        12%        N/A       43%         5
 Agony                    Necr           6%         N/A       88%         5
 Blade Hands              Tmut           3%         N/A       88%         5
 Dispersal                Tloc           3%         N/A       100%        6


Dungeon Overview and Level Annotations

Branches:
Dungeon (7/15)             Temple (0/1) D:6

Shops:
D:4 (

Annotations:
D:6 2 transporters


Innate Abilities, Weirdness & Mutations

Your attributes grow dramatically as you level up.
You have an increased reservoir of magic. (+10% MP)
You shall have no god before yourself.


Message History

There is a stone staircase leading down here.
There is a stone staircase leading down here.
Partly explored, unvisited transporter.
Partly explored, unvisited transporter.
You climb downwards.
There is a stone staircase leading up here.
There is a strange disturbance nearby!
There is a strange disturbance nearby!
There is a strange disturbance nearby!
No target in view!
The zap hits something!
You now have 17/18 mp.
You now have 16/18 mp.
The zap hits something!
Something hits you but does no damage.
Deactivating autopickup; reactivate with Ctrl-A.
You now have 15/18 mp.
Something hits you!
You take 7 damage, and have 67/74 hp.
You now have 14/18 mp.
You now have 13/18 mp.
Something hits you.
You take 4 damage, and have 63/74 hp.
You now have 12/18 mp.
Something hits you!
You take 6 damage, and have 57/74 hp.
The zap hits something!
Something hits you! Something hits you.
You take 9 damage, and have 48/74 hp.
You now have 11/18 mp.
Something hits you!
You take 9 damage, and have 39/74 hp.
You now have 10/18 mp.
Something hits you but does no damage.
You now have 9/18 mp.
Something hits you.
You take 1 damage, and have 38/74 hp.
You now have 8/18 mp.
Something hits you.
You take 1 damage, and have 37/74 hp.
You now have 7/18 mp.
Something hits you. Something hits you but does no damage.
You take 1 damage, and have 36/74 hp.
Something hits you!
You take 9 damage, and have 27/74 hp.
You now have 6/18 mp.
Something hits you.
You take 4 damage, and have 23/74 hp.
You now have 5/18 mp.
Something hits you but does no damage.
You climb upwards.
Level annotation: 2 transporters Reactivating autopickup.
There is a stone staircase leading down here.
You start resting.
Health restored: 74; MP restored: 18 You climb downwards.
Something hits you but does no damage.
Deactivating autopickup; reactivate with Ctrl-A.
Something hits you.
There is a stone staircase leading up, spattered with blood here.
You take 2 damage, and have 72/74 hp.
Something hits you but does no damage. Something hits you!
You take 9 damage, and have 64/74 hp.
Something hits you.
You take 1 damage, and have 63/74 hp.
Something hits you.
You take 6 damage, and have 57/74 hp.
Something hits you. Something hits you but does no damage.
You take 1 damage, and have 57/74 hp.
You now have 17/18 mp.
Something hits you.
You take 4 damage, and have 53/74 hp.
You now have 16/18 mp.
Something hits you.
You take 3 damage, and have 50/74 hp.
You now have 15/18 mp.
Something barely misses you.
You see here a +0 trident.
Something hits you.
You take 3 damage, and have 47/74 hp.
You now have 15/18 mp.
Something hits you!
You take 8 damage, and have 39/74 hp.
You now have 14/18 mp.
Something hits you. x2
You take 4 damage, and have 35/74 hp.
You now have 13/18 mp.
Something hits you but does no damage.
You now have 12/18 mp.
The zap hits something.
Something hits you but does no damage.
You now have 11/18 mp.
The zap hits something.
Something hits you. Something hits you.
You take 1 damage, and have 34/74 hp.
You now have 10/18 mp.
Something hits you but does no damage.
You now have 9/18 mp.
The zap hits something but does no damage.
Something hits you. Something hits you but does no damage.
You take 6 damage, and have 28/74 hp.
You now have 8/18 mp.
Something hits you but does no damage.
You now have 7/18 mp.
The zap hits something.
Something hits you.
You take 3 damage, and have 25/74 hp.
You now have 6/18 mp.
Something hits you. x2
You take 2 damage, and have 23/74 hp.
The zap hits something.
Something hits you.
* * * LOW HITPOINT WARNING * * *
You take 6 damage, and have 17/74 hp.
You now have 5/18 mp.
Something hits you!
* * * LOW HITPOINT WARNING * * *
You take 7 damage, and have 10/74 hp.
You now have 4/18 mp.
Something hits you.
* * * LOW HITPOINT WARNING * * *
Something hits you!
You die...

..................#
.........<........#
..................##
................?..#
.............#.....#
...#...............#
..##.......#.##.##.#
...........#...###.##
...........###..@...#
.....#.......##..##
.....#.)(........#
................##
....g..#..####..###
.......#...# #....#
........?..####.###
.../........#...#
####............#


There were no monsters in sight!

Vanquished Creatures
  Pikel (D:4)
  Maggie (D:6)
  Grinder (D:5)
  4 wyverns
  Menkaure (D:5)
  An ice beast (D:6)
  A sky beast (D:5)
  An ogre (D:5)
  A phantom (D:5)
  3 lemures (D:4)
  Blork the orc (D:4)
  A bullfrog (D:6)
  A gnoll sergeant (D:7)
  2 scorpions
  3 centaur zombies
  A hound (D:5)
  2 orc priests
  2 jellies (D:6)
  2 bullfrog skeletons (D:5)
  A centaur skeleton (D:5)
  3 orc wizards
  3 iguanas
  A killer bee zombie (D:6)
  A hound zombie (D:5)
  9 gnolls
  9 adders
  A white imp (D:7)
  2 ufetubi
  An adder skeleton (D:4)
  An adder zombie (D:5)
  3 dart slugs
  16 orcs
  6 ball pythons
  5 bats
  9 endoplasms
  2 giant cockroaches (D:1)
  9 goblins
  9 hobgoblins
  3 jackals (D:4)
  5 kobolds
  6 quokkas
  7 frilled lizards
  4 rats
146 creatures vanquished.

Notes
Turn   | Place    | Note
-------+----------+-------------------------------------------
     0 | D:1      | HilariousDeathArtist the Demigod Air Elementalist began the
                  | quest for the Orb.
     0 | D:1      | Reached XP level 1. HP: 14/14 MP: 5/5
    41 | D:1      | Reached skill level 1 in Conjurations
   269 | D:1      | Reached XP level 2. HP: 12/20 MP: 1/7
   423 | D:1      | Reached skill level 3 in Air Magic
   470 | D:1      | Reached skill level 2 in Spellcasting
   669 | D:1      | Got the Volume of Transmigration
  1172 | D:2      | Reached XP level 3. HP: 14/26 MP: 1/8
  1173 | D:2      | Reached skill level 2 in Conjurations
  1175 | D:2      | HP: 5/26 [dart slug/slug dart (4)]
  1178 | D:2      | HP: 1/26 [bounced beam (4)]
  1843 | D:2      | Reached XP level 4. HP: 33/33 MP: 5/10
  2723 | D:3      | Reached skill level 4 in Air Magic
  2756 | D:3      | Reached skill level 3 in Conjurations
  2883 | D:3      | Reached XP level 5. HP: 38/38 MP: 9/11
  3609 | D:4      | Noticed a wyvern
  3616 | D:5      | Entered Level 5 of the Dungeon
  3620 | D:5      | Noticed an ogre
  3625 | D:5      | Noticed a sky beast
  3626 | D:5      | Noticed Pikel
  3640 | D:4      | Killed a wyvern
  3641 | D:4      | Reached skill level 3 in Spellcasting
  3641 | D:4      | Reached XP level 6. HP: 24/45 MP: 0/13
  4033 | D:4      | Found Awe Itzanloa's Antique Weapon Shop.
  4050 | D:4      | Reached skill level 4 in Conjurations
  4353 | D:5      | Noticed Blork the orc
  4952 | D:4      | Killed Blork the orc
  4953 | D:4      | Reached skill level 5 in Air Magic
  5071 | D:5      | Reached XP level 7. HP: 17/50 MP: 6/15
  5291 | D:4      | HP: 8/50 [Pikel (12)]
  5292 | D:4      | HP: 2/50 [Pikel (4)]
  5293 | D:4      | Killed Pikel
  5294 | D:4      | Reached skill level 5 in Conjurations
  5294 | D:4      | Reached skill level 6 in Air Magic
  5754 | D:5      | Reached skill level 4 in Spellcasting
  5754 | D:5      | Reached XP level 8. HP: 37/57 MP: 17/17
  6008 | D:5      | Noticed Menkaure
  6011 | D:5      | Noticed Grinder
  6012 | D:5      | Killed Menkaure
  6013 | D:5      | Reached skill level 6 in Conjurations
  6122 | D:5      | Reached skill level 1 in Fighting
  6155 | D:5      | Paralysed by Grinder for 7 turns
  6172 | D:5      | Killed Grinder
  6173 | D:5      | Reached skill level 3 in Fighting
  6471 | D:5      | Reached skill level 4 in Fighting
  6891 | D:6      | Learned a level 3 spell: Mephitic Cloud
  6897 | D:6      | Learned a level 5 spell: Bolt of Magma
  7163 | D:6      | Reached skill level 1 in Fire Magic
  7163 | D:6      | Reached skill level 1 in Earth Magic
  7440 | D:6      | Found a staircase to the Ecumenical Temple.
  7494 | D:6      | Found a transporter.
  7494 | D:6      | Noticed a deep elf pyromancer
  7495 | D:6      | Noticed a gargoyle
  7511 | D:6      | Found a transporter.
  7693 | D:6      | Noticed Maggie
  7707 | D:6      | HP: 9/67 [Maggie/bolt of fire (9)]
  7709 | D:6      | Killed Maggie
  7710 | D:6      | Reached skill level 5 in Fighting
  7710 | D:6      | Reached skill level 2 in Fire Magic
  7710 | D:6      | Reached skill level 2 in Earth Magic
  7710 | D:6      | Reached XP level 9. HP: 10/74 MP: 5/18
  8797 | D:7      | HP: 18/74 [wyvern (12)]
  9489 | D:7      | HP: 17/74 [something (6)]
  9491 | D:7      | HP: 6/74 [something (4)]
  9491 | D:7      | Slain by an unseen horror

Illustrated notes

Levels and vault maps discovered:
D:1:      lemuel_arrival_muddy, layout_basic, hellmonk_ecumenical_altar_zigzags
D:2:      layout_loops_cross, basic_altar
D:3:      layout_basic, nicolae_uskayaw_murder_on_the_dancefloor
D:4:      layout_gridville, general_overflow_altar, serial_shops,
          nicolae_shop_crystal, st_stairs_10
D:5:      layout_rooms, mainiacjoe_overflow_tiny_flanked,
          chequers_temple_overflow_statue_of_worship, uniq_grinder, uniq_pikel,
          uniq_menkaure, uniq_blork_the_orc
D:6:      layout_loops_cross, tso_metal_star, gammafunk_temple_overflow_arena,
          temple_pool_b, kennysheep_nondescript, uniq_maggie
D:7:      layout_cave_pools, nicolae_overflow_hidden_temple, serial_shops, shop,
          lightli_church_of_beogh

Skill      XL: |  1  2  3  4  5  6  7  8 |
---------------+-------------------------+-----
Conjurations   | 1 2 3 4 5 6 |  6.8
Air Magic      | 3 4 5 6 |  6.6
Spellcasting   | 2 3 4 |  4.1
Fighting       | 5 |  5.5
Fire Magic     | 2 |  2.8
Earth Magic    | 2 |  2.8
Dodging        | |  1.7
Stealth        | |  1.7

Action                   |  1- 3 |  4- 6 |  7- 9 || total
-------------------------+-------+-------+-------++-------
Melee: Unarmed           |     3 |       |       ||     3
       Whip              |    41 |       |       ||    41
       Dagger            |       |    28 |     8 ||    36
       Short sword       |       |       |    84 ||    84
 Cast: Shock             |    72 |   158 |   206 ||   436
       Mephitic Cloud    |       |       |     3 ||     3
  Use: Scroll            |       |     5 |       ||     5
       Potion            |       |       |     1 ||     1
Armor: Robe              |    17 |    13 |    24 ||    54
       Steam dragon scal |       |       |    21 ||    21
Dodge: Dodged            |    47 |    36 |    76 ||   159

Table legend: (Time is in decaauts)
 A = Elapsed time spent in this place.
 B = Non-inter-level travel time spent in this place.
 C = Inter-level travel time spent in this place.
 D = Time resting spent in this place.
 E = Time spent auto-exploring this place.
 F = Levels seen in this place.
 G = Mean time per level.
                   A        B        C        D        E       F      G
               +--------+--------+--------+--------+--------+-----+--------+
         Total |   9505 |   9246 |    259 |   4384 |   3706 |   7 | 1357.9 |
       Dungeon |   9505 |   9246 |    259 |   4384 |   3706 |   7 | 1357.9 |
               +--------+--------+--------+--------+--------+-----+--------+

Top non-repeatable levels by time:
     D:4: 2388 daAuts
     D:6: 1990 daAuts
     D:1: 1386 daAuts
     D:5: 1232 daAuts
     D:2: 1130 daAuts
     D:7: 799 daAuts
     D:3: 578 daAuts

Table legend:
 A = Kills in this place as a percentage of kills in entire the game.
 B = Kills by you in this place as a percentage of kills by you in the entire game.
 C = Kills by friends in this place as a percentage of kills by friends in the entire game.
 D = Other kills in this place as a percentage of other kills in the entire game.
 E = Experience gained in this place as a percentage of experience gained in the entire game.
 F = Experience gained in this place divided by the number of levels of this place that you have seen.
                   A       B       C       D       E      F
               +-------+-------+-------+-------+-------+----------------------
         Total | 100.0 | 100.0 |   N/A | 100.0 | 100.0 | 634.6
       Dungeon | 100.0 | 100.0 |   N/A | 100.0 | 100.0 | 634.6
               +-------+-------+-------+-------+-------+----------------------
